 Dungeon Crawl Stone Soup version 0.27.1-33-g824d729ab1 (webtiles) character file.

Game seed: 14623079046218951442

200 DearestLeader the Insei (level 5, 0/41 (43) HPs)
             Began as a Gnoll Wanderer on Dec 1, 2021.
             Was an Initiate of Okawaru.
             Splashed by a jelly's acid (6 damage)
             ... on level 5 of the Dungeon.
             The game lasted 00:04:35 (2550 turns).

DearestLeader the Insei (Gnoll Wanderer)            Turns: 2550, Time: 00:04:36

HP:   0/41 (43)     AC: -5    Str: 11    XL:     5   Next: 78%
MP:   7/7           EV: 10    Int: 12    God:    Okawaru [......]
Gold: 79            SH:  4    Dex: 12    Spells: 7/7 levels left

rFire    . . .     SeeInvis .   p - +1 whip (elec)
rCold    . . .     Faith    .   m - +0 buckler
rNeg     . . .     Spirit   .   b - +0 ring mail
rPois    +         Reflect  .   (no helmet)
rElec    .         Harm     .   (no cloak)
rCorr    .         Rampage  .   (no gloves)
Will     .....                  q - +0 pair of boots
Stlth    +.........             (no amulet)
HPRegen  0.13/turn              h - ring of poison resistance
MPRegen  0.10/turn              (no ring)

@: corroded, very slightly contaminated, lightly drained, invisible
A: fangs 1, strong nose, distributed training
a: Renounce Religion


You were on level 5 of the Dungeon.
You worshipped Okawaru.
Okawaru was noncommittal.
You visited 1 branch of the dungeon, and saw 4 of its levels.

You collected 79 gold pieces.

Inventory:

Hand Weapons
 a - a +0 mace
 d - a +0 hand axe
 f - a +0 hand axe
 p - a +1 whip of electrocution (weapon)
Missiles
 k - 3 datura-tipped darts
 u - 21 poisoned darts (quivered)
Armour
 b - a +0 ring mail (worn)
 e - a +0 robe
 m - a +0 buckler (worn)
 q - a +0 pair of boots (worn)
Jewellery
 h - a ring of poison resistance (left hand)
Scrolls
 c - a scroll of vulnerability {unknown}
 g - a scroll of identify {unknown}
 n - 2 scrolls of fog {unknown}
 r - a scroll of immolation {unknown}
Potions
 l - a potion of mutation {unknown}
 o - a potion of lignification {unknown}
 s - a potion of haste {unknown}
 t - a potion of curing {unknown}


   Skills:
 + Level 4.8 Fighting
 + Level 1.6 Short Blades
 + Level 1.6 Long Blades
 + Level 6.7 Axes
 + Level 1.6 Maces & Flails
 + Level 1.6 Polearms
 + Level 1.6 Staves
 + Level 1.6 Slings
 + Level 1.6 Bows
 + Level 1.6 Crossbows
 + Level 1.6 Throwing
 + Level 1.6 Armour
 + Level 1.6 Dodging
 + Level 1.6 Stealth
 + Level 3.0 Shields
 + Level 6.7 Unarmed Combat
 + Level 1.6 Spellcasting
 + Level 1.3 Conjurations
 + Level 1.3 Hexes
 + Level 1.3 Summonings
 + Level 1.3 Necromancy
 + Level 1.3 Translocations
 + Level 1.3 Transmutations
 + Level 1.3 Fire Magic
 + Level 1.3 Ice Magic
 + Level 1.3 Air Magic
 + Level 1.3 Earth Magic
 + Level 1.3 Poison Magic
 + Level 1.8 Invocations
 + Level 3.0 Evocations


You had 7 spell levels left.
You didn't know any spells.
Your spell library was empty.

Dungeon Overview and Level Annotations

Branches:
Dungeon (3/15)

Altars:
Okawaru
Yredelemnul


Innate Abilities, Weirdness & Mutations

You have very sharp teeth.
Your uncanny sense of smell can sniff out nearby items.
Your experience applies equally to all skills.


Message History

You feel drained. The wight freezes you.
You hit the wight but do no damage.
The wight is lightly damaged.
The wight hits you with a +1 scimitar of freezing!
* * * LOW HITPOINT WARNING * * *
You feel drained.
* * * LOW HITPOINT WARNING * * *
The wight freezes you.
* * * LOW HITPOINT WARNING * * *
The wight barely misses you.
Blink to where?
Press: ? - help, Dir - move target
Found a scroll labelled XISILUMPOE.
As you read the scroll of blinking, it crumbles to dust.
A jelly comes into view.
The jelly quivers.
You see here a scroll labelled XISILUMPOE.
c - a scroll labelled XISILUMPOE It was a potion of invisibility.
You fade into invisibility!
You are very lightly contaminated with residual magic.
It was a potion of heal wounds.
You feel much better.
An orc priest comes into view. It is wielding a +0 whip.
Found 13 gold pieces.
You block the jelly's attack.
The orc priest moves out of view.
Things that are here:
13 gold pieces; a bubbling puce potion You barely miss the jelly.
You bite the jelly, but do no damage. The jelly hits you.
The acid corrodes you!
You are splashed with acid.
You hit the jelly but do no damage.
Your hands burn!
The jelly hits you but does no damage.
You hit the jelly. The acid corrodes you!
Your hands burn!
You bite the jelly, but do no damage.
The jelly is lightly wounded.
The jelly hits you.
You are splashed with acid!
* * * LOW HITPOINT WARNING * * *
The jelly hits you.
* * * LOW HITPOINT WARNING * * *
The acid corrodes you!
You are splashed with acid.
You die...

### #. #.(.#####.
.......... ........#.#
......z.#..#
.........#z##
##.......z. #z#
#####..........# #.#
.#. #.zJ@.##. .z## #z#
.... #o###.z...##.#
##.# #...#.###.###....#
...# #........# #..##
z### #.....z###
#...##.### #....#...###
#.......#
....######..$####.##z.#
.... ###...##..#.##
##.# ###...z.#.#


You could see a jelly, 2 wights and an orc priest.

Vanquished Creatures
  A wight (D:5)
  A jelly (D:1)
  A howler monkey zombie (D:3)
  2 adders
  An ufetubus (D:5)
  2 adder zombies (D:3)
  3 dart slugs
  An orc (D:3)
  4 ball pythons
  7 endoplasms
  7 giant cockroaches
  3 hobgoblins
  11 jackals
  9 kobolds
  2 quokkas
  6 bats
  9 frilled lizards
  3 goblins
  7 rats
80 creatures vanquished.

Notes
Turn   | Place    | Note
-------+----------+-------------------------------------------
     0 | D:1      | DearestLeader the Gnoll Wanderer began the quest for the
                  | Orb.
     0 | D:1      | DearestLeader set off with the following items: a +0 mace,
                  | a potion of berserk rage, a scroll of blinking, a +0 hand
                  | axe, a +0 robe
     0 | D:1      | Reached XP level 1. HP: 20/20 MP: 1/1
     1 | D:1      | Found a runed translucent door.
     7 | D:1      | Noticed a jelly
    30 | D:1      | Reached XP level 2. HP: 24/26 MP: 2/2
    47 | D:1      | Reached skill level 1 in Invocations
    47 | D:1      | Reached XP level 3. HP: 11/31 MP: 2/4
   410 | D:1      | Reached skill level 1 in Short Blades
   410 | D:1      | Reached skill level 1 in Long Blades
   410 | D:1      | Reached skill level 1 in Maces & Flails
   410 | D:1      | Reached skill level 1 in Polearms
   410 | D:1      | Reached skill level 1 in Staves
   410 | D:1      | Reached skill level 1 in Slings
   410 | D:1      | Reached skill level 1 in Bows
   410 | D:1      | Reached skill level 1 in Crossbows
   410 | D:1      | Reached skill level 1 in Throwing
   410 | D:1      | Reached skill level 1 in Armour
   410 | D:1      | Reached skill level 1 in Dodging
   410 | D:1      | Reached skill level 1 in Stealth
   410 | D:1      | Reached skill level 1 in Spellcasting
   556 | D:1      | Reached XP level 4. HP: 38/38 MP: 5/5
  1170 | D:2      | Reached skill level 1 in Conjurations
  1170 | D:2      | Reached skill level 1 in Hexes
  1170 | D:2      | Reached skill level 1 in Summonings
  1170 | D:2      | Reached skill level 1 in Necromancy
  1170 | D:2      | Reached skill level 1 in Translocations
  1170 | D:2      | Reached skill level 1 in Transmutations
  1170 | D:2      | Reached skill level 1 in Fire Magic
  1170 | D:2      | Reached skill level 1 in Ice Magic
  1170 | D:2      | Reached skill level 1 in Air Magic
  1170 | D:2      | Reached skill level 1 in Earth Magic
  1170 | D:2      | Reached skill level 1 in Poison Magic
  2020 | D:3      | Reached XP level 5. HP: 43/43 MP: 6/6
  2068 | D:3      | Found a faded altar of an unknown god.
  2179 | D:3      | Found an iron altar of Okawaru.
  2215 | D:3      | Became a worshipper of Warmaster Okawaru
  2321 | D:3      | Found a basalt altar of Yredelemnul.
  2494 | D:3      | You fall into a shaft and drop 2 floors!
  2494 | D:5      | Entered Level 5 of the Dungeon
  2550 | D:5      | Splashed by a jelly's acid

Illustrated notes

Levels and vault maps discovered:
D:1:      dpeg_arrival_caged_fury, layout_rooms, minmay_strange_pillars
D:2:      layout_basic
D:3:      layout_loops_cross, evilmike_ruin_ashenzari, grunt_dithmenos_smoke,
          mainiacjoe_overflow_surrounded_room, nicolae_yredelemnul_corpse_copse,
          hellmonk_ecumenical_altar_dog_temple
D:5:      layout_rooms, nicolae_ru_great_annihilating_truth

Skill      XL: |  1  2  3  4  5 |
---------------+----------------+-----
Invocations    | 1 |  1.8
Short Blades   | 1 |  1.6
Long Blades    | 1 |  1.6
Maces & Flails | 1 |  1.6
Polearms       | 1 |  1.6
Staves         | 1 |  1.6
Slings         | 1 |  1.6
Bows           | 1 |  1.6
Crossbows      | 1 |  1.6
Throwing       | 1 |  1.6
Armour         | 1 |  1.6
Dodging        | 1 |  1.6
Stealth        | 1 |  1.6
Spellcasting   | 1 |  1.6
Conjurations   | 1 |  1.3
Hexes          | 1 |  1.3
Summonings     | 1 |  1.3
Necromancy     | 1 |  1.3
Translocations | 1 |  1.3
Transmutations | 1 |  1.3
Fire Magic     | 1 |  1.3
Ice Magic      | 1 |  1.3
Air Magic      | 1 |  1.3
Earth Magic    | 1 |  1.3
Poison Magic   | 1 |  1.3
Shields        | 3 |  3.0
Evocations     | 3 |  3.0
Fighting       | |  4.8
Axes           | |  6.7
Unarmed Combat | |  6.7

Action                   |  1- 3 |  4- 6 || total
-------------------------+-------+-------++-------
Melee: Hand axe          |    61 |   123 ||   184
       Punch             |     2 |     1 ||     3
       Bite              |     4 |    11 ||    15
       Whip              |       |    44 ||    44
  Use: Potion            |     1 |     2 ||     3
       Scroll            |       |     1 ||     1
Armor: Robe              |     8 |       ||     8
       Ring mail         |    13 |    62 ||    75
Dodge: Dodged            |    43 |    79 ||   122
Block: Buckler           |       |    28 ||    28
